 Dungeon Crawl Stone Soup version 0.17.0-23-g0de4337 (console) character file.

156 gw the Bolt Thrower (level 5, -1/32 HPs)
             Began as a Tengu Hunter on Nov 15, 2015.
             Slain by a giant frog (6 damage)
             ... on level 3 of the Dungeon.
             The game lasted 00:03:40 (3697 turns).

gw the Bolt Thrower (Tengu Hunter)                  Turns: 3697, Time: 00:03:40

Health: -1/32      AC:  3    Str: 12    XL:     5   Next: 38%
Magic:  6/6        EV: 13    Int: 12    God:
Gold:   48         SH:  0    Dex: 15    Spells: 0 memorised, 4 levels left

rFire  . . .     SeeInvis .     b - +0 flail
rCold  . . .     Clarity  .     d - +0 leather armour
rNeg   + . .     SustAt   .     (no shield)
rPois  .         Gourm    .     (helmet restricted)
rElec  .         Spirit   .     (no cloak)
rCorr  +         Warding  .     (no gloves)
rMut   .         Stasis   .     (boots unavailable)
MR     .....                    l - amulet of resist corrosion
Stlth  ++........               (no ring)
                                f - ring of positive energy

@: not resistant to hostile enchantments, unstealthy
A: beak, talons 3, able to fly 1
a: Fly


You were on level 3 of the Dungeon.
You were hungry.

You visited 1 branch of the dungeon, and saw 3 of its levels.

You collected 48 gold pieces.

Inventory:

Hand Weapons
 a - a +2 hand crossbow
 b - a +0 flail (weapon)
Missiles
 g - 36 bolts
Armour
 d - a +0 leather armour (worn)
Jewellery
 f - a ring of positive energy (left hand)
 l - an amulet of resist corrosion (around neck)
Scrolls
 k - a scroll of random uselessness {unknown}
 m - a scroll of remove curse
Potions
 j - 2 potions of magic {unknown}
Comestibles
 c - a beef jerky
 e - 3 bread rations
 i - 4 fruits


   Skills:
 + Level 3.1 Fighting
 + Level 1.9 Maces & Flails
 * Level 5.7 Crossbows
 + Level 3.0 Dodging
 - Level 1.0 Stealth


You had 4 spell levels left.
You didn't know any spells.

Dungeon Overview and Level Annotations

Branches:
Dungeon (3/15)

Altars:


Innate Abilities, Weirdness & Mutations

You have a beak for a mouth.
You have claws for feet.
You can fly.


Message History

The giant frog hits you!
MOVING TO (1,0) SWAPPING TO MELEE: making a normal attack ATTACKING (-1,0) Wield which item (- for none, * to show all)? (? for menu, Esc to quit)
b - a +0 flail (weapon)
The giant frog hits you.
You hit the giant frog. Your kick misses the giant frog.
Your peck misses the giant frog.
The giant frog is lightly wounded.
The giant frog barely misses you. x2
ATTACKING (-1,0)
You hit the giant frog. You claw the giant frog.
Your peck misses the giant frog.
The giant frog is lightly wounded.
The giant frog hits you! The giant frog completely misses you.
MOVING TO (2,0) MOVING TO (1,0)
The giant frog hits you.
You die...

..........># #.#
...~.....#####.#
..~~~........#.#
...#.#.........#
..##.#..####.### .....#..#
#.############# #..#.#..#
#............<#
##.###.###################
............os.FQ#
..#.##.#########.#
..#.##.# #.# ..#..#.# #%#
..##.#.# #.# .%##...# #.#
..###..#########.#
..#..............#
..#...>.##########


You could see a giant frog, an orc and a giant cockroach.

Table legend:
 A = Turns spent in this place as a percentage of turns spent in the entire game.
 B = Non-inter-level travel turns spent in this place as a percentage of non-inter-level travel turns spent in the entire game.
 C = Inter-level travel turns spent in this place as a percentage of turns spent in this place.
 D = Turns resting spent in this place as a percentage of non-inter-level travel turns spent in this place.
 E = Turns spent auto-exploring this place as a percentage of non-inter-level travel turns spent in this place.
 F = Non-inter-level travel turns spent in this place divided by the number of levels of this place that you've seen.
                   A       B       C       D       E      F
               +-------+-------+-------+-------+-------+----------------------
         Total | 100.0 | 100.0 |   0.5 |   1.2 |   2.1 | 1649.3
       Dungeon | 100.0 | 100.0 |   0.5 |   1.2 |   2.1 | 1649.3
               +-------+-------+-------+-------+-------+----------------------

Table legend:
 A = Kills in this place as a percentage of kills in entire the game.
 B = Kills by you in this place as a percentage of kills by you in the entire game.
 C = Kills by friends in this place as a percentage of kills by friends in the entire game.
 D = Other kills in this place as a percentage of other kills in the entire game.
 E = Experience gained in this place as a percentage of experience gained in the entire game.
 F = Experience gained in this place divided by the number of levels of this place that you have seen.
                   A       B       C       D       E      F
               +-------+-------+-------+-------+-------+----------------------
         Total | 100.0 | 100.0 |  -nan |  -nan | 100.0 |  74.7
       Dungeon | 100.0 | 100.0 |  -nan |  -nan | 100.0 |  74.7
               +-------+-------+-------+-------+-------+----------------------

Vanquished Creatures
  Terence (D:3)
  6 adders
  An ooze (D:2)
  A worm (D:3)
  2 giant geckos
  An orc (D:3)
  A giant cockroach (D:1)
  3 hobgoblins (D:1)
  7 jackals
  12 kobolds
  A quokka (D:3)
  12 bats
  6 giant newts
  12 goblins
  9 rats
75 creatures vanquished.

Notes
Turn   | Place    | Note
--------------------------------------------------------------
     0 | D:1      | gw the Tengu Hunter began the quest for the Orb.
     0 | D:1      | Reached XP level 1. HP: 12/12 MP: 2/2
   263 | D:1      | Reached XP level 2. HP: 4/17 MP: 3/3
  1161 | D:1      | Reached XP level 3. HP: 22/22 MP: 4/4
  1574 | D:2      | Reached skill level 1 in Maces & Flails
  1709 | D:2      | Reached skill level 5 in Crossbows
  1855 | D:2      | Reached XP level 4. HP: 7/27 MP: 5/5
  3456 | D:3      | Gained mutation: You can fly. [Tengu growth]
  3456 | D:3      | Reached XP level 5. HP: 32/32 MP: 6/6
  3490 | D:3      | Noticed Terence
  3499 | D:3      | Killed Terence
  3669 | D:3      | Noticed a giant frog
  3697 | D:3      | Slain by a giant frog

Action                   |  1- 3 |  4- 6 || total
-------------------------+-------+-------++-------
Melee: Short sword       |    20 |       ||    20
       Whip              |    59 |    12 ||    71
       Flail             |       |    34 ||    34
       Mace              |       |     9 ||     9
 Fire: Hand crossbow     |    48 |    45 ||    93
  Use: Scroll            |       |     4 ||     4
       Potion            |       |     1 ||     1
 Stab: Sleeping          |       |     1 ||     1
  Eat: Chunk             |     3 |     5 ||     8

Vault maps used:
D:1:      ncdulo_watergridlock
D:2:      kennysheep_potato
D:3:      kennysheep_vampire_church, first_bread, kennysheep_decorative_pillar,
          uniq_crazy_yiuf_cottage, uniq_terence
